 Dungeon Crawl Stone Soup version 0.17-a0-1360-g37db002 (webtiles) character file.

223902 Badjas the Slayer (level 18, -3/182 HPs)
             Began as a Minotaur Fighter on Apr 26, 2015.
             Was the Champion of Qazlal.
             Blown up by an orb spider (17 damage)
             ... with an orb of destruction
             ... on level 5 of the Spider Nest on June 11, 2015.
             The game lasted 04:37:57 (49772 turns).

Badjas the Slayer (Minotaur Fighter)               Turns: 49772, Time: 04:37:57

Health: -3/182     AC: 27    Str: 26    XL:     18   Next: 57%
Magic:  22/29      EV:  8    Int:  5    God:    Qazlal [******]
Gold:   2952       SH:  8    Dex: 14    Spells: 1 memorised, 16 levels left

rFire  + . .     SeeInvis +     a - +8 bardiche "Raisin" {flame, rF- Dex+2 Stlth+}
rCold  + . .     Clarity  .     w - +0 plate armour {rPois}
rNeg   + . .     SustAt   .     (no shield)
rPois  +         Gourm    .     d - +2 hat {rF+}
rElec  .         Spirit   .     h - +2 cloak of Circular Logic {+Blink +Inv rCorr Dex-2}
rCorr  +         Warding  .     i - +0 pair of gloves {Dex+3}
rMut   .         Stasis   .     F - +0 pair of boots of the First Wonders {rN+ MR+ Int-2 Slay+3}
MR     +++..                    (no amulet)
Stlth  ..........               X - ring of Suhil {rF+ rC+ MR+ Stlth+}
                                u - ring of see invisible

@: protected from physical damage, repel missiles, extremely resistant to
hostile enchantments, extremely unstealthy
A: retaliatory headbutt, horns 2, blink 1
a: Blink, Upheaval, Elemental Force, Disaster Area, Renounce Religion, Evoke
Blink, Evoke Invisibility
}: 1/15 runes: decaying


You were on level 5 of the Spider Nest.
You worshipped Qazlal.
Qazlal was exalted by your worship.
You were not hungry.

You visited 5 branches of the dungeon, and saw 37 of its levels.
You also visited: Labyrinth and Volcano.

You collected 3979 gold pieces.
You spent 1027 gold pieces at shops.

Inventory:

Hand weapons
 a - the +8 bardiche "Raisin" (weapon) {flame, rF- Dex+2 Stlth+}
   (You found it on level 1 of the Swamp)

   It has been specially enchanted to burn those struck by it, causing extra
   injury to most foes and up to half again as much damage against particularly
   susceptible opponents.
   Big, fiery blades are also staple armaments of hydra-hunters.
   It affects your dexterity (+2).
   It makes you vulnerable to fire.
   It makes you more stealthy.
 b - a +1 blowgun
 r - the +8 hand axe of Tenacity {chop, rElec rC+ rN+}
   (You found it on level 2 of the Lair of Beasts)

   It inflicts extra damage upon your enemies.
   It protects you from cold.
   It insulates you from electricity.
   It protects you from negative energy.
 I - the +6 eveningstar "Atrunyum" {crush, +Rage +Fly rElec MR-}
   (You found it on level 4 of the Swamp)

   It inflicts extra damage upon your enemies.
   It insulates you from electricity.
   It affects your resistance to hostile enchantments.
   It lets you fly.
   It lets you go berserk.
Missiles
 m - 18 curare-tipped needles
 y - 83 poisoned needles
 U - a poisoned javelin (quivered)
Armour
 c - a +0 shield
 d - a +2 hat of fire resistance (worn)
 h - the +2 cloak of Circular Logic (worn) {+Blink +Inv rCorr Dex-2}
   (You acquired it on level 11 of the Dungeon)

   It affects your dexterity (-2).
   It lets you turn invisible.
   It lets you blink.
   It protects you from acid and corrosion.
 i - a +0 pair of gloves of dexterity (worn)
 w - a +0 plate armour of poison resistance (worn)
 F - the +0 pair of boots of the First Wonders (worn) {rN+ MR+ Int-2 Slay+3}
   (You found it on level 1 of the Spider Nest)

   It affects your intelligence (-2).
   It affects your accuracy and damage with ranged weapons and melee attacks
   (+3).
   It protects you from negative energy.
   It affects your resistance to hostile enchantments.
 G - the +6 chain mail of Light {rCorr Str+3 Int+6 Stlth+}
   (You bought it in a shop on level 4 of the Orcish Mines)

   It affects your strength (+3).
   It affects your intelligence (+6).
   It protects you from acid and corrosion.
   It makes you more stealthy.
Jewellery
 u - a ring of see invisible (left hand)
 H - an uncursed ring of positive energy
 J - the ring "Fesetude" {+Inv rElec rC+ Int+3}
   (You found it on level 1 of the Swamp)

   [ring of invisibility]

   It affects your intelligence (+3).
   It protects you from cold.
   It insulates you from electricity.
   It lets you turn invisible.
 S - the ring "Nogedoh" {+Fly rPois}
   (You found it on level 8 of the Lair of Beasts)

   [ring of flight]

   It protects you from poison.
   It lets you fly.
 X - the ring of Suhil (right hand) {rF+ rC+ MR+ Stlth+}
   (You bought it in a shop on level 4 of the Orcish Mines)

   [ring of protection from fire]

   It protects you from fire.
   It protects you from cold.
   It affects your resistance to hostile enchantments.
   It makes you more stealthy.
Magical devices
 A - a wand of digging (8)
 K - a wand of teleportation (3)
 L - a wand of cold (3)
 Y - a wand of fireball (6)
Scrolls
 k - 5 scrolls of fear
 p - 2 scrolls of brand weapon
 s - 4 scrolls of identify
 v - 21 scrolls of remove curse
 z - 2 scrolls of immolation {unknown}
 B - 2 scrolls of recharging
 C - 5 scrolls of teleportation
 O - 3 scrolls of enchant weapon
 V - 2 scrolls of summoning
 Z - 2 scrolls of silence
Potions
 g - 14 potions of curing
 j - 2 potions of might
 l - 4 potions of magic
 o - 3 potions of cancellation
 t - 2 potions of haste
 x - 6 potions of agility
 E - 6 potions of resistance
 M - 8 potions of brilliance
 N - 2 potions of restore abilities
 P - 6 potions of heal wounds
 W - 3 potions of cure mutation
Miscellaneous
 n - a sack of spiders {used: 2}
 q - a crystal ball of energy
 R - a disc of storms
Comestibles
 e - 13 bread rations
 f - 4 meat rations
 D - a fruit
 Q - 21 royal jellies


   Skills:
 + Level 21.4 Fighting
 + Level 16.6 Polearms
 - Level 13.0 Armour
 - Level 10.0 Shields
 - Level 2.1 Summonings
 + Level 16.5 Invocations
 + Level 11.0 Evocations


You had 16 spell levels left.
You knew the following spells:

 Your Spells              Type           Power        Failure   Level  Hunger
a - Summon Butterflies    Summ           #.......     99%         1    ##.....


Dungeon Overview and Level Annotations

Branches:
Dungeon (15/15)            Temple (0/1) D:7            Lair (8/8) D:10
  Swamp (5/5) Lair:4       Spider (5/5) Lair:5        Slime (0/6) Lair:8
    Orc (4/4) D:12            Elf (0/3) Orc:3        Vaults (0/5) D:13
 Depths (0/5) D:15

Altars:
Ashenzari
Cheibriados
Dithmenos
Fedhas
Gozag
Kikubaaqudgha
Makhleb
Nemelex Xobeh
Okawaru
Qazlal
Sif Muna
Vehumet
Xom
Yredelemnul
The Shining One
Beogh
Jiyva

Shops:
D:4 %   Orc:3 [   Orc:4 ([*=

Annotations:
D:5 Ngotmuk's ghost, experienced DDFi
Lair:8 1 runed door
Swamp:3 exclusion: Roxanne, Roxanne


Innate Abilities, Weirdness & Mutations

You reflexively headbutt those who attack you in melee.
You have a pair of horns on your head.
You can translocate small distances at will.


Message History

Unknown command.
The orb spider weaves a glowing orb of energy. x2
Read which item? (? for menu, Esc to quit)
Okay, then.
Unknown command.
Use which ability? (? or * to list)
Aiming: Upheaval
Press: ? - help, Dir - move target cursor, f - orb of destruction, p - orb spider
Aim: an orb of destruction A storm cloud blasts the area with cutting wind!
The cutting wind hits the orb spider.
The orb spider is almost dead.
A wasp comes into view.
Unknown command.
The orb spider spins a strand of pure energy.
The orb of destruction hits you!
* * * LOW HITPOINT WARNING * * *
Unknown command.
The orb of destruction hits you!
You die...

##............................
#.^.#...............^.........
##................^............
#............................†.
##...........................^.
#.<.................^.........
##...^............s............
#^............§.§....s.........
#...§...^.....@§§.§*§§§...^.^..
#^..†.......§.§§§§....§*..^....
##..........§.............(.^..
##^#^...........§§....y.§......
#.#...........^..§.............
###......................^.......
#................................
#...)........^...^.^^............
#^...............................


You could see 2 orb spiders.

Vanquished Creatures
  The ghost of hackum the Severer, a mighty FoFi of Okawaru (Spider:2)
  The ghost of scienide the Bludgeoner, a mighty GrFi of Ru (Spider:5)
  Kirke (D:15)
  A fire giant (D:15)
  2 orc warlords
  3 ghost moths
  5 emperor scorpions
  Nessos (D:15)
  Azrael (Spider:3)
  A dire elephant (Lair:8)
  A minotaur (Lab)
  Josephine (D:10)
  Fannar (Orc:2)
  24 hydras
  3 catoblepae
  7 entropy weavers
  A centaur warrior (D:15)
  3 ghost crabs
  An ogre mage (D:13)
  11 alligators
  3 death yaks (Lair:8)
  A tengu warrior (D:14)
  A deep troll shaman (Lair:8)
  4 orc high priests
  A deep elf knight (D:13)
  2 unseen horrors
  11 swamp dragons
  6 spriggan druids
  7 orc knights
  A shambling mangrove (Swamp:4)
  2 manticores
  Pikel (D:8)
  A lindwurm (Volcano)
  14 orb spiders
  9 hill giants
  29 wolf spiders
  2 griffons
  10 hornets
  5 orc sorcerers
  13 ugly things
  A spectral alligator (Swamp:1)
  A toenail golem (Volcano)
  6 black mambas
  16 elephants
  3 centaur zombies
  A moth of wrath (Spider:3)
  17 spiny frogs
  2 torpor snails
  2 molten gargoyles (Volcano)
  Psyche (D:8)
  8 komodo dragons
  17 demonic crawlers
  4 gargoyles
  2 kobold demonologists (D:15)
  3 fire drakes
  An efreet (D:14)
  A queen bee (Lair:2)
  A deep elf priest (D:13)
  A freezing wraith (D:14)
  5 two-headed ogres
  A tengu conjurer (D:14)
  7 trolls
  3 fire vortices (Volcano)
  Grinder (D:6)
  A spectral ghost crab (Swamp:1)
  7 giant leeches
  16 blink frogs
  4 polar bears (Lair:3)
  7 removed MONS_RAVENs
  A wandering mushroom (Lab)
  A boulder beetle (Lair:8)
  20 bog bodies
  A spectral swamp dragon (Swamp:1)
  19 jumping spiders
  33 slime creatures
  21 trapdoor spiders
  A trapdoor spider (shapeshifter) (D:13)
  Sigmund (D:2)
  3 deep elf magi
  18 spriggans
  6 wyverns
  50 redbacks
  55 yaks
  6 centaur simulacra
  6 fire elementals
  A human (D:15)
  2 basilisks
  3 hogs (D:15)
  15 hippogriffs
  4 shadows
  5 wraiths
  27 tarantellas
  A deep elf fighter (D:13)
  A hippogriff (shapeshifter) (D:15)
  A spectral removed MONS_RAVEN (Swamp:3)
  5 wargs
  A hungry ghost (D:15)
  17 vampire mosquitoes
  A spectral spiny frog (Swamp:3)
  13 insubstantial wisps
  19 water moccasins
  36 swamp worms
  A soldier ant (D:8)
  43 orc warriors
  13 porcupines
  Duvessa (D:4)
  A phantom (D:10)
  23 wolves
  3 hell hounds (Spider:3)
  3 sky beasts
  An eye of draining (D:9)
  17 wasps
  31 spiders
  The ghost of Ngotmuk the Covered, an average DDFi (D:4)
  10 black bears
  22 swamp drakes
  6 necrophages
  9 ice beasts
  4 slaves (D:8)
  23 centaurs
  A boggart (D:13)
  A removed MONS_BORING_BEETLE (Lair:4)
  4 big kobolds
  18 crocodiles
  11 ogres
  An earth elemental (Lab)
  20 giant frogs
  A wyvern skeleton (D:11)
  A water moccasin zombie (D:5)
  6 scorpions
  Dowan (D:4)
  4 wights (D:13)
  5 electric eels
  34 killer bees
  A beetle (D:8)
  3 giant frog zombies
  A jelly (D:12)
  5 crimson imps
  37 orc priests
  3 hounds
  Crazy Yiuf (D:4)
  A water moccasin simulacrum (D:11)
  6 iguanas
  4 centaur skeletons
  4 giant frog skeletons
  9 worker ants
  37 orc wizards
  5 sheep (Lair:8)
  4 hound skeletons
  Robin (D:2)
  35 river rats
  3 gnolls (D:6)
  18 adders
  4 white imps
  5 shadow imps
  2 oozes
  9 worms
  5 giant geckos
  159 orcs
  19 bats
  7 giant cockroaches
  11 hobgoblins
  8 jackals
  5 ball pythons
  4 giant newts
  29 goblins
  25 kobolds
  7 quokkas
  11 rats
  A spectral giant newt (Swamp:1)
  2 bushes
  107 fungi
  87 plants
1732 creatures vanquished.

Vanquished Creatures (collateral kills)
  Arachne (Spider:3)
  A thorn hunter (Swamp:4)
  A wolf spider (Spider:3)
  A redback (Spider:3)
  A vampire mosquito (Swamp:4)
  2 insubstantial wisps (Swamp:4)
7 creatures vanquished.

Vanquished Creatures (others)
  A swamp dragon (Swamp:5)
  A human (D:15)
  A fire elemental (Lair:8)
  2 swamp drakes (Swamp:1)
  An orc wizard (Orc:2)
  An orc (Orc:2)
  A kobold (D:15)
  8 fungi
  7 plants
23 creatures vanquished.

Grand Total: 1762 creatures vanquished

Notes
Turn   | Place    | Note
--------------------------------------------------------------
     0 | D:1      | Badjas, the Minotaur Fighter, began the quest for the Orb.
     0 | D:1      | Reached XP level 1. HP: 19/19 MP: 0/0
   453 | D:1      | Reached XP level 2. HP: 27/27 MP: 1/1
   828 | D:2      | Noticed Robin
   905 | D:2      | Noticed Sigmund
   948 | D:2      | Killed Sigmund
   948 | D:2      | Reached skill level 6 in Polearms
   948 | D:2      | Reached XP level 3. HP: 28/33 MP: 2/2
   948 | D:2      | Reached XP level 4. HP: 33/40 MP: 3/3
   948 | D:2      | Reached XP level 5. HP: 37/46 MP: 4/4
  1123 | D:2      | Reached skill level 7 in Polearms
  1416 | D:2      | Killed Robin
  1502 | D:2      | Reached XP level 6. HP: 52/52 MP: 5/5
  2038 | D:3      | Noticed an air elemental
  2040 | D:3      | Found a stormy altar of Qazlal.
  2041 | D:3      | Noticed a fire elemental
  2041 | D:3      | Noticed a water elemental
  2058 | D:3      | Became a worshipper of Qazlal Stormbringer
  2072 | D:3      | Reached skill level 8 in Polearms
  2144 | D:3      | Found a shattered altar of Ashenzari.
  2146 | D:3      | Found a shimmering altar of Xom.
  2559 | D:4      | Found Plog's Food Shop.
  2761 | D:4      | Noticed Dowan
  2762 | D:4      | Noticed Duvessa
  2778 | D:4      | Killed Dowan
  2780 | D:4      | Killed Duvessa
  2780 | D:4      | Reached XP level 7. HP: 27/60 MP: 6/6
  3017 | D:4      | Reached skill level 5 in Armour
  3025 | D:4      | Acquired Qazlal's first power
  3074 | D:4      | Reached skill level 5 in Fighting
  3200 | D:4      | Noticed Ngotmuk's ghost (average DDFi)
  3215 | D:4      | Killed Ngotmuk's ghost
  3362 | D:4      | Noticed Crazy Yiuf
  3369 | D:4      | Killed Crazy Yiuf
  3534 | D:5      | Entered Level 5 of the Dungeon
  3534 | D:5      | Noticed Ngotmuk's ghost (experienced DDFi)
  3771 | D:5      | Reached XP level 8. HP: 61/71 MP: 7/7
  4034 | D:5      | Got a brightly glowing dagger
  4796 | D:6      | Identified the +7 dagger of Cemy {pierce, Int+4} (You found it on level 5 of the Dungeon)
  4866 | D:6      | Noticed Grinder
  4922 | D:6      | Killed Grinder
  4922 | D:6      | Reached skill level 5 in Shields
  5085 | D:6      | Reached XP level 9. HP: 47/82 MP: 8/8
  5370 | D:6      | Found an opulent altar of Gozag.
  5371 | D:6      | Found a sparkling altar of Nemelex Xobeh.
  5504 | D:6      | Found a deep blue altar of Sif Muna.
  5506 | D:6      | Found a glowing golden altar of the Shining One.
  5657 | D:7      | Reached skill level 9 in Polearms
  5765 | D:7      | Found a radiant altar of Vehumet.
  5820 | D:7      | Found a staircase to the Ecumenical Temple.
  5861 | D:7      | Acquired Qazlal's second power
  6045 | D:7      | Found a burning altar of Makhleb.
  6048 | D:7      | Found an iron altar of Okawaru.
  6051 | D:7      | Found a blossoming altar of Fedhas.
  6721 | D:8      | Reached skill level 10 in Polearms
  6792 | D:8      | Noticed Psyche
  6808 | D:8      | Killed Psyche
  6808 | D:8      | Reached skill level 10 in Armour
  7067 | D:8      | Reached skill level 11 in Polearms
  7139 | D:8      | Reached XP level 10. HP: 65/90 MP: 9/9
  7569 | D:8      | Gained mutation: You can translocate small distances at will. [potion of beneficial mutation]
  7834 | D:8      | Acquired Qazlal's third power
  7921 | D:8      | Noticed Pikel
  7977 | D:8      | Killed Pikel
  9057 | D:9      | Reached skill level 12 in Polearms
  9293 | D:9      | Reached skill level 10 in Fighting
  9853 | D:10     | Entered Level 10 of the Dungeon
  9937 | D:10     | Noticed a manticore
  9955 | D:10     | Killed a manticore
 10406 | D:10     | Noticed a hill giant
 10466 | D:10     | Killed a hill giant
 10689 | D:10     | Noticed a catoblepas
 10721 | D:10     | Killed a catoblepas
 10721 | D:10     | Reached skill level 13 in Polearms
 10721 | D:10     | Reached XP level 11. HP: 56/101 MP: 10/10
 10941 | D:10     | Noticed Josephine
 11201 | D:10     | Acquired Qazlal's fourth power
 11291 | D:10     | Noticed a hill giant
 11512 | D:11     | Reached skill level 1 in Invocations
 11611 | D:11     | Noticed a hill giant
 11909 | D:11     | Identified a scroll of acquirement
 11910 | D:11     | Got a pitted cloak
 11921 | D:11     | Identified the +2 cloak of Circular Logic {+Blink +Inv rCorr Dex-2} (You acquired it on level 11 of the Dungeon)
 11936 | D:11     | Learned a level 1 spell: Summon Butterflies
 12086 | D:11     | Noticed a hill giant
 12121 | D:11     | Killed a hill giant
 12564 | D:10     | Killed a hill giant
 12697 | D:10     | Reached skill level 5 in Invocations
 12906 | D:10     | Found a staircase to the Lair.
 12915 | Lair:1   | Entered Level 1 of the Lair of Beasts
 13191 | Lair:1   | Acquired Qazlal's fifth power
 14039 | Lair:2   | Reached skill level 1 in Summonings
 14039 | Lair:2   | Reached XP level 12. HP: 108/108 MP: 17/17
 14098 | Lair:2   | Got a steaming hand axe
 14108 | Lair:2   | Identified the +8 hand axe of Tenacity {chop, rElec rC+ rN+} (You found it on level 2 of the Lair of Beasts)
 14562 | Lair:2   | Found an ancient bone altar of Kikubaaqudgha.
 16093 | Lair:3   | Found a snail-covered altar of Cheibriados.
 16295 | Lair:3   | Noticed a four-headed hydra
 16315 | Lair:3   | Killed a four-headed hydra
 16655 | Lair:3   | Noticed a four-headed hydra
 16665 | Lair:3   | Killed a four-headed hydra
 17237 | Lair:4   | Found a staircase to the Swamp.
 17265 | Lair:4   | Paralysed by a hornet for 4 turns
 17844 | Lair:5   | Reached XP level 13. HP: 84/122 MP: 17/19
 18352 | Lair:5   | Upgraded the game from 0.17-a0-737-gf0a300a to 0.17-a0-1181-gabc46e6
 18425 | Lair:4   | Reached skill level 10 in Invocations
 18695 | Lair:5   | Reached skill level 14 in Fighting
 18806 | Lair:5   | Found a hole to the Spider Nest.
 19343 | Lair:6   | Found a labyrinth entrance.
 19379 | Lab      | Entered a labyrinth
 20053 | Lair:6   | Upgraded the game from 0.17-a0-1181-gabc46e6 to 0.17-a0-1195-g0639cb0
 21045 | Lair:7   | Reached skill level 15 in Fighting
 21109 | Lair:7   | Upgraded the game from 0.17-a0-1195-g0639cb0 to 0.17-a0-1202-g2dd280d
 21731 | Lair:7   | Got a colourful robe
 21742 | Lair:7   | Identified the cursed +0 robe of Optimism {rPois rC+++ Str-5 SInv} (You found it on level 7 of the Lair of Beasts)
 21918 | Lair:8   | Entered Level 8 of the Lair of Beasts
 22051 | Lair:8   | Reached XP level 14. HP: 133/135 MP: 20/22
 22110 | Lair:8   | Found a runed door.
 22110 | Lair:8   | Found a viscous altar of Jiyva.
 22110 | Lair:8   | Noticed an acid blob
 22111 | Lair:8   | Noticed an acid blob
 22114 | Lair:8   | Found a staircase to the Slime Pits.
 22114 | Lair:8   | Noticed an acid blob
 22114 | Lair:8   | Noticed an acid blob
 22115 | Lair:8   | Noticed an acid blob
 22426 | Lair:8   | Upgraded the game from 0.17-a0-1202-g2dd280d to 0.17-a0-1210-g1e4f09d
 22438 | Lair:8   | Reached skill level 1 in Evocations
 22460 | Lair:8   | Got an encrusted war axe
 22474 | Lair:8   | Identified the cursed +0 war axe of Abuse {flame, *Noise rC+ Int+6} (You found it on level 8 of the Lair of Beasts)
 23140 | Lair:8   | Noticed a dire elephant
 23165 | Lair:8   | Killed a dire elephant
 23165 | Lair:8   | Reached skill level 16 in Fighting
 23388 | Lair:8   | Got a fine lapis lazuli ring
 23390 | Lair:8   | Identified the ring "Nogedoh" {+Fly rPois} (You found it on level 8 of the Lair of Beasts)
 23981 | Swamp:1  | Entered Level 1 of the Swamp
 24405 | Swamp:1  | Got a bloodstained bardiche
 24437 | Swamp:1  | Identified the +8 bardiche "Raisin" {flame, rF- Dex+2 Stlth+} (You found it on level 1 of the Swamp)
 24472 | Swamp:1  | Got a warped lapis lazuli ring
 24474 | Swamp:1  | Identified the ring "Fesetude" {+Inv rElec rC+ Int+3} (You found it on level 1 of the Swamp)
 25232 | Swamp:1  | Reached skill level 5 in Evocations
 25790 | Swamp:1  | Found a basalt altar of Yredelemnul.
 26442 | Swamp:2  | Reached XP level 15. HP: 96/146 MP: 24/24
 26506 | Swamp:2  | Reached skill level 17 in Fighting
 28109 | Swamp:3  | Noticed Roxanne
 28402 | Swamp:3  | Upgraded the game from 0.17-a0-1210-g1e4f09d to 0.17-a0-1230-g8afc29e
 28406 | Swamp:3  | Upgraded the game from 0.17-a0-1230-g8afc29e to 0.17-a0-1322-g2a080e7
 28463 | Swamp:4  | Got a pitted eveningstar
 28464 | Swamp:4  | Identified the +6 eveningstar "Atrunyum" {crush, +Rage +Fly rElec MR-} (You found it on level 4 of the Swamp)
 28568 | Swamp:4  | Noticed a thorn hunter
 28586 | Swamp:4  | Killed a thorn hunter
 28953 | Swamp:4  | Paralysed by a spriggan for 2 turns
 28960 | Swamp:4  | Paralysed by a spriggan for 3 turns
 29185 | Swamp:4  | Reached skill level 18 in Fighting
 29488 | Swamp:5  | Entered Level 5 of the Swamp
 30140 | Swamp:4  | Reached XP level 16. HP: 55/159 MP: 25/25
 30594 | Swamp:5  | Upgraded the game from 0.17-a0-1322-g2a080e7 to 0.17-a0-1332-g9db7d08
 31019 | Swamp:5  | Got a decaying rune of Zot
 31964 | D:10     | Killed Josephine
 32550 | D:11     | Killed a hill giant
 32786 | D:11     | Reached skill level 15 in Invocations
 32936 | D:11     | Noticed a hill giant
 32940 | D:11     | Killed a hill giant
 33418 | D:12     | Reached skill level 19 in Fighting
 33495 | D:12     | Found a staircase to the Orcish Mines.
 34145 | D:13     | Found a gate to the Vaults.
 34990 | D:14     | Reached skill level 10 in Evocations
 35472 | D:15     | Entered Level 15 of the Dungeon
 35489 | D:15     | Noticed Kirke
 35494 | D:15     | Killed Kirke
 35609 | D:15     | Noticed Nessos
 35625 | D:15     | Killed Nessos
 35969 | D:15     | Found a staircase to the Depths.
 36055 | D:15     | Paralysed by a crimson imp for 6 turns
 36148 | D:15     | Reached XP level 17. HP: 153/169 MP: 27/27
 36201 | D:15     | Found a shadowy altar of Dithmenos.
 36535 | Orc:1    | Entered Level 1 of the Orcish Mines
 36789 | Orc:1    | Found a dark tunnel.
 36802 | Volcano  | Entered a volcano
 37611 | Orc:2    | Noticed Fannar
 37623 | Orc:2    | Killed Fannar
 38015 | Orc:3    | Found a staircase to the Elven Halls.
 38457 | Orc:2    | Found a roughly hewn altar of Beogh.
 38798 | Orc:4    | Entered Level 4 of the Orcish Mines
 39085 | Orc:4    | Found a roughly hewn altar of Beogh.
 39169 | Orc:3    | Upgraded the game from 0.17-a0-1332-g9db7d08 to 0.17-a0-1360-g37db002
 39365 | Orc:3    | Reached skill level 20 in Fighting
 40747 | Orc:3    | Found Upobau's Antique Armour Emporium.
 41028 | Orc:4    | Found Yghawauc's General Store.
 41029 | Orc:4    | Found Mosmuis's Jewellery Boutique.
 41030 | Orc:4    | Found Wemen's Antique Armour Shop.
 41030 | Orc:4    | Found Idusukel's Antique Weapon Shop.
 41045 | Orc:4    | Bought the ring of Suhil {rF+ rC+ MR+ Stlth+} for 663 gold pieces
 41340 | Orc:4    | Bought a twisted chain mail for 247 gold pieces
 41342 | Orc:4    | Identified the +6 chain mail of Light {rCorr Str+3 Int+6 Stlth+} (You bought it in a shop on level 4 of the Orcish Mines)
 41391 | Orc:4    | Bought a pair of embroidered gloves for 117 gold pieces
 41832 | Spider:1 | Entered Level 1 of the Spider Nest
 41917 | Spider:1 | Got a pair of brightly glowing boots
 41918 | Spider:1 | Identified the +0 pair of boots of the First Wonders {rN+ MR+ Int-2 Slay+3} (You found it on level 1 of the Spider Nest)
 43191 | Spider:2 | Noticed hackum's ghost (mighty FoFi)
 43880 | Spider:2 | Killed hackum's ghost
 44965 | Spider:3 | Reached skill level 15 in Polearms
 45058 | Spider:3 | Noticed Azrael
 45071 | Spider:3 | Killed Azrael
 45165 | Spider:3 | You fall through a shaft!
 45171 | Spider:4 | Noticed Arachne
 45187 | Spider:3 | Killed Arachne
 46318 | Spider:3 | Reached XP level 18. HP: 167/180 MP: 29/29
 47335 | Spider:5 | Entered Level 5 of the Spider Nest
 47392 | Spider:5 | Reached skill level 21 in Fighting
 47770 | Spider:5 | Noticed scienide's ghost (mighty GrFi)
 47781 | Spider:5 | Killed scienide's ghost
 49615 | Spider:5 | Reached skill level 10 in Shields
 49772 | Spider:5 | Blown up by an orb spider

Vault maps used:
D:1:      shiori_arrival_elements
D:2:      solitary_fountain, grunt_ministairs_3, uniq_robin, uniq_sigmund
D:3:      nicolae_qazlal_style_of_elements, grunt_temple_overflow_open
D:4:      serial_shops, shop, first_bread, uniq_duvessa, uniq_crazy_yiuf_cottage
D:6:      nicolae_overflow_hidden_temple, uniq_grinder
D:7:      vehumet_altar_wand_db, grunt_temple_overflow_diamond,
          minmay_temple_entry_grid, kennysheep_crisscross, minivault_19
D:8:      hangedman_pestilent_swarm, uniq_psyche, uniq_pikel
D:10:     david_lair_shrubbed, uniq_josephine
D:11:     serial_ice, serial_ice_c, serial_ice_a, serial_ice_o, serial_ice_k,
          serial_ice_e, serial_ice_m
D:12:     minmay_orc_entry_guard_dogs
D:13:     hangedman_vaults_entry_quadrant_bands, minivault_22
D:14:     glass_columns_a, grunt_ministairs_15, minmay_misc_feat_plants
D:15:     grunt_enter_depths_giant_problem, grunt_dithmenos_smoke_and_mirrors,
          uniq_nessos, uniq_kirke
Lair:1:   serial_bayou_crossing, infiniplex_staircase_pool
Lair:2:   special_room, lemuel_centaur_altar
Lair:3:   beast_lair_carwin_large_3, basic_altar, st_stairs_9,
          grunt_forest_stairs_basic
Lair:4:   swamp_mist_pool, roderic_carrion_pond
Lair:5:   nicolae_spider_entry_tight_spaces, serial_bayou, serial_bayou_lake_a,
          serial_bayou_pond_a, serial_bayou_pond_a, serial_bayou_lagoon_a,
          serial_bayou_shore_a, infiniplex_staircase_pool_2
Lair:6:   lab_entry_generic
Lair:7:   lemuel_fruit_tree
Lair:8:   grunt_lair_end_beastmaster, slime_altar_2, worms_lemuel
Swamp:1:  evilmike_swamp_ruin_house_1, swamp_pool1, roderic_ravens_nest,
          grunt_ruined_hall
Swamp:2:  hangedman_swamp_lotus
Swamp:3:  evilmike_swamp_ruin_rubble_2, uniq_roxanne
Swamp:4:  nicolae_swamp_round_clearing
Swamp:5:  swamp
Spider:3: uniq_azrael
Spider:4: uniq_arachne
Spider:5: guppyfry_spider_rune
Orc:1:    enter_volcano_4
Orc:2:    orc_temple, uniq_fannar
Orc:3:    minmay_goldmine, serial_shops, shop, nicolae_orc_pool_cavern
Orc:4:    st_orc_congregation, lemuel_statue_altar
Lab:      labyrinth_spiral, nicolae_lab_do_over, nicolae_lab_diamond,
          nicolae_lab_plus, nicolae_lab_blocks, nicolae_lab_hexagon,
          labyrinth_glass_1
Volcano:  volcano_aerie

Action                   |  1- 3 |  4- 6 |  7- 9 | 10-12 | 13-15 | 16-18 || total
-------------------------+-------+-------+-------+-------+-------+-------++-------
Melee: Trident           |    48 |   172 |   312 |   635 |    39 |       ||  1206
       Hand axe          |       |       |       |   244 |   792 |       ||  1036
       War axe           |       |       |       |       |   373 |    59 ||   432
       Eveningstar       |       |       |       |       |    59 |    35 ||    94
       Bardiche          |       |       |       |       |       |  1210 ||  1210
 Fire: Hunting sling     |       |    12 |     9 |    11 |       |       ||    32
       Blowgun           |       |     7 |    49 |   152 |       |       ||   208
Throw: Javelin           |       |       |       |     4 |       |     1 ||     5
Invok: Upheaval          |       |       |       |     5 |     3 |    19 ||    27
       Elemental Force   |       |       |       |       |     1 |     2 ||     3
 Abil: Blink             |       |       |       |     6 |       |       ||     6
       Evoke Flight      |       |       |       |       |       |     2 ||     2
Evoke: Wand              |       |       |     6 |    16 |     5 |     4 ||    31
       Rod               |       |       |       |     1 |     1 |       ||     2
       Disc of storms    |       |       |       |       |    29 |       ||    29
       Sack of spiders   |       |       |       |       |     2 |       ||     2
  Use: Potion            |     1 |       |       |     4 |     6 |     7 ||    18
       Scroll            |       |       |    17 |    17 |    12 |     6 ||    52
 Stab: Distracted        |       |       |       |     1 |       |     1 ||     2
       Paralysed         |       |       |       |     3 |       |       ||     3
  Eat: Chunk             |       |     6 |    13 |    23 |    30 |    38 ||   110
       Fruit             |       |       |     1 |     5 |     6 |     3 ||    15
       Beef jerky        |       |       |       |     3 |     2 |       ||     5
       Pizza             |       |       |       |     2 |       |     1 ||     3
       Meat ration       |       |       |       |       |     1 |     3 ||     4
       Royal jelly       |       |       |       |       |       |     2 ||     2
       Bread ration      |       |       |       |       |       |     1 ||     1
